 Dungeon Crawl Stone Soup version 0.27-a0-1232-gc6a4cbde82 (webtiles) character file.

Game seed: 12203448669241575977

126 Mesmaeker13 the Caller (level 5, -1/35 HPs)
             Began as a Human Summoner on June 8, 2021.
             Succumbed to a water moccasin's poison
             ... on level 3 of the Dungeon.
             The game lasted 00:05:33 (4821 turns).

Mesmaeker13 the Caller (Human Summoner)             Turns: 4821, Time: 00:05:34

Health: -1/35      AC:  4    Str:  8    XL:     5   Next: 31%
Magic:  0/9        EV: 14    Int: 16    God:
Gold:   153        SH:  0    Dex: 20    Spells: 4/10 levels left

rFire    . . .     SeeInvis .   o - +0 quarterstaff
rCold    . . .     Faith    .   (shield currently unavailable)
rNeg     . . .     Spirit   .   a - +0 robe
rPois    .         Reflect  .   b - +0 helmet
rElec    .         Harm     .   (no cloak)
rCorr    .         Rampage  .   (no gloves)
Will     .....                  c - +0 pair of boots
Stlth    ++........             (no amulet)
HPRegen  0.11/turn              f - +6 ring of dexterity
MPRegen  0.11/turn              (no ring)

@: lethally poisoned (-1 -> -24), very slightly contaminated
A: no striking features
a: no special abilities


You were on level 3 of the Dungeon.
You visited 1 branch of the dungeon, and saw 3 of its levels.

You collected 153 gold pieces.

Inventory:

Hand Weapons
 d - a +0 dagger
 o - a +0 quarterstaff (weapon)
Missiles
 r - 14 poisoned darts
Armour
 a - a +0 robe (worn)
 b - a +0 helmet (worn)
 c - a +0 pair of boots (worn)
Jewellery
 f - a +6 ring of dexterity (left hand)
 p - an amulet of regeneration
Scrolls
 g - a scroll of acquirement {unknown}
 h - a scroll of immolation {unknown}
 k - a scroll of identify {unknown}
 l - 3 scrolls of brand weapon {unknown}
 n - a scroll of enchant weapon {unknown}
 q - a scroll of noise {unknown}
 s - a scroll of teleportation {unknown}
Potions
 e - a potion of heal wounds {unknown}
 i - a potion of mutation {unknown}
 j - a potion of might {unknown}
 m - a potion of degeneration {unknown}


   Skills:
 + Level 3.3 Dodging
 - Level 2.0 Stealth
 + Level 3.1 Spellcasting
 + Level 4.8 Summonings


You had 4 spell levels left.
You knew the following spells:

 Your Spells              Type           Power      Damage    Failure   Level
a - Summon Small Mammal   Summ           72%        N/A       2%          1
b - Call Imp              Summ           18%        N/A       3%          2
c - Call Canine Familiar  Summ           18%        N/A       8%          3

Your spell library contained the following spells:

 Spells                   Type           Power      Damage    Failure   Level
 Shock                    Conj/Air       8%         1d3       19%         1
 Summon Guardian Golem    Hex/Summ       10%        N/A       21%         3
 Conjure Flame            Conj/Fire      2%         6-21      50%         3
 Swiftness                Air            2%         N/A       50%         3
 Summon Ice Beast         Ice/Summ       10%        N/A       56%         4
 Summon Lightning Spire   Summ/Air       10%        N/A       56%         4
 Bolt of Magma            Conj/Fire/Erth 1%         4d4       99%         5
 Starburst                Conj/Fire      1%         8x6d3     100%        6


Dungeon Overview and Level Annotations

Branches:
Dungeon (3/15)

Altars:
Ashenzari
Qazlal

Annotations:
D:3 5 exclusions


Message History

A water moccasin comes into view.
The water moccasin hisses angrily.
A water moccasin is nearby!
Casting: Call Canine Familiar (dangerous; 8% risk of failure)
Confirm with . or Enter, or press ? or * to list all spells.
Casting: Call Canine Familiar (dangerous; 8% risk of failure)
Confirm with . or Enter, or press ? or * to list all spells.
A beastly little devil appears in a puff of flame.
Your hound completely misses the water moccasin.
Your crimson imp barely misses the water moccasin.
Your hound bites the water moccasin.
The water moccasin bites you!
Your crimson imp hits the water moccasin but does no damage.
Casting: Call Imp (safe; 3% risk of failure)
Confirm with . or Enter, or press ? or * to list all spells.
You miscast Call Imp.
You are very lightly contaminated with residual magic.
Nothing appears to happen.
Your hound barely misses the water moccasin.
The water moccasin bites you.
You are poisoned.
The water moccasin poisons you!
Your hound completely misses the water moccasin.
Your crimson imp misses the water moccasin.
Casting: Call Imp (safe; 3% risk of failure)
Confirm with . or Enter, or press ? or * to list all spells.
A beastly little devil appears in a puff of frigid air.
You feel very sick. The water moccasin bites you.
Your hound bites the water moccasin but does no damage.
Your crimson imp closely misses the water moccasin.
You feel sick. The water moccasin bites you.
* * * LOW HITPOINT WARNING * * *
Your hound misses the water moccasin. The water moccasin bites you.
* * * LOW HITPOINT WARNING * * *
You are more poisoned.
The water moccasin poisons you!
Your hound closely misses the water moccasin.
Your crimson imp completely misses the water moccasin.
Your white imp misses the water moccasin.
You die...

###########
#....(....####
#.#.5h........
#..@.S....#
#.#..5........
#.##...#....##
#.........!..#
#.######......
#.# ##.### #.#
.# #.# #
########.#


You could see a water moccasin (ally target), a friendly hound (summoned), a
friendly crimson imp (summoned) and a friendly white imp (summoned).

Vanquished Creatures
  2 adders (D:2)
  A gnoll (D:3)
  An orc (D:3)
  3 bats (D:1)
  5 endoplasms
  A giant cockroach (D:3)
  3 hobgoblins
  2 jackals (D:3)
  A quokka (D:2)
  4 ball pythons
  3 frilled lizards
  A goblin (D:1)
  2 kobolds (D:3)
  4 rats
33 creatures vanquished.

Vanquished Creatures (collateral kills)
  An orc wizard (D:3)
  5 adders
  An ufetubus (D:3)
  2 worms (D:2)
  A dart slug (D:1)
  2 orcs (D:3)
  4 ball pythons (D:1)
  2 bats (D:2)
  4 endoplasms (D:2)
  A giant cockroach (D:2)
  3 goblins
  3 hobgoblins
  2 quokkas
  A frilled lizard (D:1)
  A kobold (D:2)
  A rat (D:2)
34 creatures vanquished.

Grand Total: 67 creatures vanquished

Notes
Turn   | Place    | Note
-------+----------+-------------------------------------------
     0 | D:1      | Mesmaeker13 the Human Summoner began the quest for the Orb.
     0 | D:1      | Reached XP level 1. HP: 13/13 MP: 3/3
   735 | D:1      | Reached XP level 2. HP: 7/19 MP: 1/5
  1760 | D:1      | Reached XP level 3. HP: 13/24 MP: 2/6
  1930 | D:1      | Learned a level 2 spell: Call Imp
  2897 | D:2      | Found a faded altar of an unknown god.
  3019 | D:2      | Reached XP level 4. HP: 30/30 MP: 4/7
  3306 | D:2      | Identified Ebomm's Reference Book on the Birds and Heat
  3740 | D:3      | Learned a level 3 spell: Call Canine Familiar
  4045 | D:3      | Noticed a centaur
  4120 | D:3      | Reached XP level 5. HP: 35/35 MP: 6/9
  4635 | D:3      | Found a stormy altar of Qazlal.
  4635 | D:3      | Found a broken altar of Ashenzari.
  4812 | D:3      | Noticed a water moccasin
  4821 | D:3      | Succumbed to a water moccasin's poison

Illustrated notes

Levels and vault maps discovered:
D:1:      minmay_arrival_five_plusses, layout_rooms, minivault_23
D:2:      layout_basic, shapermc_ecumenical_altar_starsandcircs,
          hangedman_decor_peaks_small, st_stairs_7, minmay_octomino_e4
D:3:      layout_loops_corners, jmf_multi_god_temple

Skill      XL: |  1  2  3  4 |
---------------+-------------+-----
Dodging        | 3 |  3.3
Spellcasting   | 3 |  3.1
Stealth        | |  2.0
Summonings     | |  4.8

Action                   |  1- 3 |  4- 6 || total
-------------------------+-------+-------++-------
Melee: Dagger            |    75 |    34 ||   109
       Unarmed           |    11 |       ||    11
       Quarterstaff      |       |    35 ||    35
 Cast: Summon Small Mamm |    30 |       ||    30
       Call Imp          |    14 |    11 ||    25
       Call Canine Famil |       |     5 ||     5
 Stab: Sleeping          |     4 |     5 ||     9
       Distracted        |     1 |     1 ||     2
Armor: Robe              |    31 |    18 ||    49
Dodge: Dodged            |    76 |    57 ||   133

Table legend: (Time is in decaauts)
 A = Elapsed time spent in this place.
 B = Non-inter-level travel time spent in this place.
 C = Inter-level travel time spent in this place.
 D = Time resting spent in this place.
 E = Time spent auto-exploring this place.
 F = Levels seen in this place.
 G = Mean time per level.
                   A        B        C        D        E       F      G
               +--------+--------+--------+--------+--------+-----+--------+
         Total |   4833 |   4791 |     42 |   1989 |   1987 |   3 | 1611.0 |
       Dungeon |   4833 |   4791 |     42 |   1989 |   1987 |   3 | 1611.0 |
               +--------+--------+--------+--------+--------+-----+--------+

Top non-repeatable levels by time:
     D:1: 2440 daAuts
     D:2: 1293 daAuts
     D:3: 1099 daAuts
